 Dungeon Crawl Stone Soup version 0.25.1-2-g60ff931df9 (webtiles) character file.

Game seed: 8059292980452317992

26 BroShek the Charmwright (level 2, -2/24 HPs)
             Began as a Centaur Skald on Nov 6, 2020.
             Slain by an orc
             ... wielding a +0 mace
              (7 damage)
             ... on level 2 of the Dungeon.
             The game lasted 00:03:22 (697 turns).

BroShek the Charmwright (Centaur Skald)              Turns: 697, Time: 00:03:23

Health: -2/24      AC:  4    Str: 13    XL:     2   Next: 89%
Magic:  2/4        EV:  9    Int: 12    God:
Gold:   22         SH:  0    Dex:  8    Spells: 1/4 levels left

rFire    . . .     SeeInvis .   a - +0 falchion
rCold    . . .     Gourm    .   (no shield)
rNeg     . . .     Faith    .   b - +0 leather armour
rPois    .         Spirit   .   (no helmet)
rElec    .         Reflect  .   (no cloak)
rCorr    .         Harm     .   (no gloves)
MR       .....                  (no barding)
Stlth    ..........             (no amulet)
HPRegen  0.08/turn              (no ring)
MPRegen  0.09/turn              (no ring)

@: singing, very quick
A: large, hooves 3, deformed body, speed 2, tough skin 3
a: no special abilities


You were on level 2 of the Dungeon.
You were not hungry.

You visited 1 branch of the dungeon, and saw 2 of its levels.

You collected 22 gold pieces.

Inventory:

Hand Weapons
 a - a +0 falchion (weapon)
Armour
 b - a +0 leather armour (worn)
Scrolls
 f - a scroll of remove curse {unknown}
 g - a scroll of magic mapping {unknown}
 h - 2 scrolls of identify {unknown}
Potions
 e - 3 potions of degeneration {unknown}
Comestibles
 d - 2 rations


   Skills:
 + Level 2.3 Fighting
 + Level 2.0 Long Blades
 + Level 1.0 Armour
 - Level 1.5 Dodging
 + Level 1.8 Spellcasting
 + Level 2.9 Charms


You had one spell level left.
You knew the following spells:

 Your Spells              Type           Power        Failure   Level  Hunger
a - Infusion              Chrm           #...         11%         1    ##.....
b - Song of Slaying       Chrm           #.......     16%         2    ###....

Your spell library contained the following spells:

 Spells                   Type           Power        Failure   Level  Hunger
 Shroud of Golubria       Chrm/Tloc      #.....       28%         2    ###....
 Ozocubu's Armour         Chrm/Ice       #.......     50%         3    ####...
 Spectral Weapon          Hex/Chrm       #.......     50%         3    ####...


Dungeon Overview and Level Annotations

Branches:
Dungeon (2/15)

Altars:


Innate Abilities, Weirdness & Mutations

You have hooves in place of feet.
Armour fits poorly on your strangely shaped body.
You cover ground very quickly.
You have extremely tough skin. (AC +3)


Message History

An orc wizard comes into view. It is wielding a +0 dagger.
The orc closely misses you.
You riposte.
You closely miss the orc.
The orc wizard gestures wildly while chanting.
The orc wizard seems to speed up.
Casting: Song of Slaying (safe; 16% risk of failure)
Confirm with . or Enter, or press ? or * to list all spells.
You start singing a song of slaying.
You hear a shout!
The orc hits you with a +0 club. The orc hits you with a +0 mace.
You hit the orc.
The orc is lightly wounded.
The orc wizard begins to cast a cantrip, but forgets the words!
The orc hits you with a +0 club. The orc hits you with a +0 mace.
You barely miss the orc wizard. Your kick misses the orc wizard.
You hear a shout!
The orc wizard hits you but does no damage.
The orc hits you with a +0 club.
* * * LOW HITPOINT WARNING * * *
The orc hits you with a +0 mace!
You die...

#... #.. # #.. .
. ... .
#.#.#.###
#.#.#... #.#o#.#
#.#.o@..####
#...o....(.+
...######.#.####
..........#.#
..#..###....# #.
+....# #. #....#
#.#+###....#
#.......##.#


You could see an orc wizard (fast) and 2 orcs.

Vanquished Creatures
  4 goblins (D:1)
  5 hobgoblins (D:1)
  A ball python (D:1)
  3 bats (D:1)
  5 frilled lizards
  6 kobolds
  3 rats (D:1)
27 creatures vanquished.

Notes
Turn   | Place    | Note
-------+----------+-------------------------------------------
     0 | D:1      | BroShek the Centaur Skald began the quest for the Orb.
     0 | D:1      | Reached XP level 1. HP: 17/17 MP: 3/3
   153 | D:1      | Reached XP level 2. HP: 23/24 MP: 2/4
   241 | D:1      | Learned a level 2 spell: Song of Slaying
   356 | D:1      | Reached skill level 1 in Armour
   697 | D:2      | Slain by an orc

Illustrated notes

Levels and vault maps discovered:
D:1:      kennysheep_arrival_forest, layout_rooms
D:2:      layout_basic, minmay_indecisive_spiral

Skill      XL: |  1  2 |
---------------+-------+-----
Long Blades    | 2 |  2.0
Armour         | 1 |  1.0
Fighting       | |  2.3
Dodging        | |  1.5
Spellcasting   | |  1.8
Charms         | |  2.9

Action                   || total
-------------------------++-------
Melee: Falchion          ||    68
       Kick              ||     7
 Cast: Infusion          ||     3
       Song of Slaying   ||     2
Armor: Leather armour    ||    24
Dodge: Dodged            ||    40
       Rpst.: Falchion   ||    13
